 Dungeon Crawl Stone Soup version 0.27.1-1-g398f81649c (webtiles) character file.

Game seed: 6499869658731049179

2655 TheGamechu the Cleaver (level 9, -3/79 (81) HPs)
             Began as a Minotaur Fighter on Sept 16, 2021.
             Was a Follower of Makhleb.
             Slain by a wight (9 damage)
             ... on level 7 of the Dungeon on Sept 17, 2021.
             The game lasted 00:31:06 (5434 turns).

TheGamechu the Cleaver (Minotaur Fighter)           Turns: 5434, Time: 00:31:11

HP:   -3/79 (81)    AC: 11    Str: 24    XL:     9   Next: 36%
MP:   0/19          EV:  8    Int:  5    God:    Makhleb [*.....]
Gold: 262           SH: 11    Dex: 10    Spells: 8/8 levels left

rFire    . . .     SeeInvis .   a - +0 war axe
rCold    + . .     Faith    .   c - +0 kite shield
rNeg     . . .     Spirit   +   r - +4 scale mail {rC+}
rPois    .         Reflect  .   (helmet restricted)
rElec    .         Harm     .   (no cloak)
rCorr    +         Rampage  .   (no gloves)
Will     .....                  (no boots)
Stlth    ..........             g - amulet of guardian spirit
HPRegen  0.23/turn              i - ring of resist corrosion
MPRegen  0.16/turn              x - ring of magical power

@: studying Slings, lightly drained
A: horns 2, retaliatory headbutt
a: Renounce Religion


You were on level 7 of the Dungeon.
You worshipped Makhleb.
Makhleb was aware of your devotion.
You visited 2 branches of the dungeon, and saw 8 of its levels.

You collected 262 gold pieces.

Inventory:

Hand Weapons
 a - a +0 war axe (weapon)
 f - a +2 flail of holy wrath
 q - a +2 vorpal flail
Missiles
 k - 202 stones
 t - 3 boomerangs (quivered)
 v - 3 poisoned darts
Armour
 c - a +0 kite shield (worn)
 r - a +4 scale mail of cold resistance (worn)
 I - a +0 ring mail of fire resistance
Jewellery
 g - an amulet of guardian spirit (around neck)
 i - a ring of resist corrosion (left hand)
 m - an amulet of magic regeneration
 x - a ring of magical power (right hand)
 D - a ring of fire
 J - a ring of fire
Wands
 e - a wand of polymorph (8)
 A - a wand of charming (7)
 K - a wand of flame (29)
Scrolls
 b - 2 scrolls of amnesia
 h - 2 scrolls of noise
 o - a scroll of acquirement {unknown}
 u - 3 scrolls of fog {unknown}
 y - a scroll of holy word {unknown}
 C - 3 scrolls of identify
 G - a scroll of enchant weapon {unknown}
 H - a scroll of magic mapping {unknown}
Potions
 d - 2 potions of might
 j - a potion of heal wounds
 l - 2 potions of resistance
 n - 3 potions of mutation
 p - a potion of brilliance
 z - a potion of magic
 B - 2 potions of haste {unknown}
 F - a potion of attraction {unknown}


   Skills:
 + Level 7.9 Fighting
 * Level 9.6 Axes
 + Level 3.7 Throwing
 - Level 4.0 Armour
 + Level 8.0 Shields
 + Level 3.7 Invocations


You had 8 spell levels left.
You didn't know any spells.
Your spell library was empty.

Dungeon Overview and Level Annotations

Branches:
Dungeon (7/15)             Temple (1/1) D:5

Altars:
Ashenzari
Cheibriados
Elyvilon
Gozag
Kikubaaqudgha
Makhleb
Nemelex Xobeh
Qazlal
Ru
Uskayaw
Vehumet
Wu Jian
Xom
Zin
The Shining One

Shops:
D:5 *


Innate Abilities, Weirdness & Mutations

You have a pair of horns on your head.
You reflexively headbutt those who attack you in melee.


Message History

You hit the basilisk. You headbutt the basilisk.
The basilisk is almost dead.
You block the basilisk's attack.
An orc comes into view. It is wielding a +0 flail.
You completely miss the basilisk. Your headbutt misses the basilisk.
The basilisk is almost dead.
You block the basilisk's attack.
You barely miss the basilisk.
The basilisk is almost dead.
The basilisk gazes at you.
You are slowing down.
You feel limber!
You feel magically purged. The basilisk bites you!
* * * LOW HITPOINT WARNING * * *
The basilisk bites you but does no damage.
You closely miss the basilisk. Your headbutt misses the basilisk.
The basilisk is almost dead.
The basilisk bites you.
* * * LOW HITPOINT WARNING * * *
You slash the basilisk!
You kill the basilisk!
Makhleb accepts your kill.
An orc priest comes into view. It is wielding a +0 dagger.
Your Shields skill increases to level 8!
You barely miss the orc.
The orc priest shouts!
You hear a shout!
The orc closely misses you.
You slash the orc!
You kill the orc!
Makhleb accepts your kill.
An orc comes into view. It is wielding a +0 whip.
The orc barely misses you.
You slash the orc!
You kill the orc!
Makhleb accepts your kill.
The orc priest invokes the aid of Beogh against you.
Beogh smites you!
* * * LOW HITPOINT WARNING * * *
The wight hits you with a +3 halberd!
You die...

#( #.#.. .P# ((.
..#.#+#.# # #.#
##.#.#?#.# .# #(#
##..#.###.# . ..##z##
...#....P#.#
........###K###z###o#
#(..)#..#....o..o.#
#.##.##.###z#....#
#[#).#...##@#.....#
#.#.#####..####....#
..#.. .#.# ....#
###y.. # .# ...#
...## .. ..... ###.
## .... # ....


You could see a wight, an orc priest and an orc.

Vanquished Creatures
  2 wraiths
  A wyvern (D:7)
  A basilisk (D:7)
  A vampire mosquito (D:7)
  2 black bears
  2 ice beasts
  A necrophage (D:4)
  4 ogres
  A centaur (D:5)
  A kobold brigand (D:7)
  A water moccasin skeleton (D:5)
  5 killer bees
  A wight (D:7)
  A howler monkey (D:7)
  A bullfrog zombie (D:5)
  4 hounds
  2 jellies
  A bullfrog skeleton (D:5)
  Crazy Yiuf (D:2)
  Terence (D:2)
  2 orc wizards
  An iguana (D:5)
  Robin (D:4)
  7 gnolls
  13 adders
  A white imp (D:5)
  An adder skeleton (D:5)
  A worm (D:5)
  3 dart slugs
  14 orcs
  2 endoplasms
  4 giant cockroaches
  11 goblins
  10 hobgoblins
  3 jackals (D:2)
  17 kobolds
  5 quokkas
  4 ball pythons
  5 bats
  4 frilled lizards
  7 rats
150 creatures vanquished.

Vanquished Creatures (others)
  61 plants
61 creatures vanquished.

Grand Total: 211 creatures vanquished

Notes
Turn   | Place    | Note
-------+----------+-------------------------------------------
     0 | D:1      | TheGamechu the Minotaur Fighter began the quest for the
                  | Orb.
     0 | D:1      | Reached XP level 1. HP: 19/19 MP: 0/0
    49 | D:1      | Found a faded altar of an unknown god.
   265 | D:1      | Reached XP level 2. HP: 27/27 MP: 1/1
   668 | D:1      | Reached skill level 3 in Axes
   670 | D:1      | Reached XP level 3. HP: 33/33 MP: 2/2
   986 | D:2      | Noticed Terence
  1005 | D:2      | Killed Terence
  1006 | D:2      | Reached XP level 4. HP: 40/41 MP: 3/3
  1203 | D:2      | Found a runed translucent door.
  1204 | D:2      | Noticed Crazy Yiuf
  1261 | D:2      | Killed Crazy Yiuf
  1346 | D:3      | Reached skill level 4 in Axes
  1388 | D:3      | Reached XP level 5. HP: 24/47 MP: 2/4
  1402 | D:3      | Reached skill level 5 in Shields
  1547 | D:3      | Reached skill level 5 in Fighting
  1780 | D:3      | You fall into a shaft and drop 2 floors!
  1780 | D:5      | Entered Level 5 of the Dungeon
  1822 | D:5      | Reached XP level 6. HP: 56/56 MP: 5/5
  1901 | D:5      | Reached skill level 5 in Axes
  1967 | D:5      | Found a staircase to the Ecumenical Temple.
  1967 | D:5      | Noticed a wraith
  1979 | D:5      | Found an opulent altar of Gozag.
  1980 | D:5      | Found Gozag's Platinum Reserve.
  2171 | D:5      | Reached skill level 6 in Axes
  2191 | D:5      | Reached XP level 7. HP: 62/62 MP: 6/6
  2397 | Temple   | Entered the Ecumenical Temple
  2468 | Temple   | Became a worshipper of Makhleb the Destroyer
  2630 | D:4      | Reached skill level 7 in Axes
  2723 | D:4      | Noticed Robin
  2754 | D:4      | Killed Robin
  2764 | D:4      | Reached skill level 1 in Throwing
  2919 | D:4      | Reached * piety under Makhleb
  2925 | D:4      | Reached skill level 1 in Invocations
  3125 | D:4      | Found a stormy altar of Qazlal.
  3228 | D:4      | Found a glowing golden altar of the Shining One.
  3633 | D:5      | Killed a wraith
  3634 | D:5      | Reached XP level 8. HP: 44/71 MP: 8/8
  4290 | D:6      | Reached skill level 8 in Axes
  4560 | D:6      | Found an ornate altar of the Wu Jian Council.
  4683 | D:6      | Noticed a +0 short sword
  4684 | D:6      | Noticed a +0 falchion
  4684 | D:6      | Noticed a +0 dagger
  4685 | D:6      | Noticed a +0 spear
  4687 | D:6      | Noticed a +0 short sword
  4687 | D:6      | Noticed a +0 falchion
  4688 | D:6      | Noticed a +0 spear
  4689 | D:6      | Noticed a +0 dagger
  4696 | D:6      | Found a hide-covered altar of Uskayaw.
  4759 | D:6      | You fall into a shaft and drop 1 floor!
  5038 | D:7      | Reached skill level 9 in Axes
  5038 | D:7      | Reached XP level 9. HP: 79/79 MP: 10/10
  5434 | D:7      | Slain by a wight

Illustrated notes

Levels and vault maps discovered:
D:1:      zelgadis_glass_arrival_small, layout_basic,
          ebering_ecumenical_altar_abandoned, serial_bayou_crossing
D:2:      layout_rooms, minmay_pentomino_z2, uniq_terence,
          uniq_crazy_yiuf_cottage
D:3:      layout_basic, hangedman_abyss_or_decor_stabs
D:4:      layout_cave_pools, general_overflow_altar,
          mainiacjoe_overflow_cross_hatched, uniq_robin
D:5:      layout_basic, nicolae_gozag_zags_fifth_avenue,
          minmay_temple_entry_junction, minmay_manual_mullet
D:6:      layout_rooms, nicolae_uskayaw_en_pointe, nzn_wu_jian_council_hall,
          minmay_fountain_box
D:7:      kennysheep_kobold_camp, layout_basic,
          yredelemnul_forgotten_temple_becter, minmay_shattered_shrine
Temple:   eino_wide_crystal_templ

Skill      XL: |  1  2  3  4  5  6  7  8  9 |
---------------+----------------------------+-----
Fighting       | 4 5 6 7 |  7.9
Axes           | 3 4 6 7 9 |  9.6
Armour         | 4 |  4.0
Shields        | 4 5 6 7 8 |  8.0
Throwing       | 1 3 |  3.7
Invocations    | 1 3 |  3.7

Action                   |  1- 3 |  4- 6 |  7- 9 || total
-------------------------+-------+-------+-------++-------
Melee: War axe           |    65 |   123 |   235 ||   423
       Headbutt          |     7 |    15 |    41 ||    63
Throw: Stone             |    11 |     7 |       ||    18
       Boomerang         |       |    11 |    39 ||    50
       Dart              |       |       |    22 ||    22
  Use: Scroll            |       |    10 |     1 ||    11
       Potion            |       |       |     5 ||     5
Armor: Chain mail        |    44 |       |       ||    44
       Scale mail        |     1 |    64 |   113 ||   178
Dodge: Dodged            |    22 |    35 |    88 ||   145
Block: Kite shield       |    48 |    80 |   143 ||   271
